[Event "Team 45 45 League T67"]
[Site "Internet Chess Club"]
[Date "2016.01.10"]
[Round "5"]
[White "The7thGuest"]
[Black "fledermaus"]
[Result "1/2-1/2"]
[WhiteElo "1967"]
[BlackElo "1921"]
[Opening "QGD: 4.Bg5 Nbd7"]
[ECO "D51"]
[Time "09:01:05"]
[TimeControl "2700+45"]

1. d4 d5 2. c4 e6 3. Nc3 Nf6 4. Bg5 Nbd7 5. Nf3 c6 6. cxd5 exd5 7. e3 Be7 8. Bd3
O-O 9. Qc2 Re8 10. Ne5 Nf8 11. O-O-O N6d7 12. Nxd7 Bxd7 13. Bxe7 Qxe7 14. h3 Be6
15. Kb1 Rac8 16. Ne2 b6 17. Nf4 c5 18. dxc5 bxc5 19. Nxe6 fxe6 20. e4 Kh8 21.
exd5 exd5 22. Bb5 Red8 23. Rhe1 Qb7 24. Be2 Qf7 25. Bg4 Rc7 26. Qf5 Qxf5+ 27.
Bxf5 Rf7 28. Be4 d4 29. f3 Ne6 30. Bd5 Rxd5 31. Rxe6 h6 32. b3 Rb7 33. Kc2 c4
34. bxc4 Ra5 35. Rxd4 Rxa2+ 36. Kd3 Rxg2 37. Rg4 Rd7+ 38. Kc3 Rf2 39. Rf4 Rf1
40. Re2 Rc7 41. Rc2 Kg8 42. Kd3 Rd1+ 43. Ke2 Rh1 44. h4 g5 45. hxg5 hxg5 46. Rf5
Rh2+ 47. Kd3 Rxc2 48. Rxg5+ {Game drawn by mutual agreement} 1/2-1/2

[Event "Team 45 45 League T67"]
[Site "Internet Chess Club"]
[Date "2016.01.11"]
[Round "5"]
[White "Sempigreen"]
[Black "JPSVI"]
[Result "1-0"]
[WhiteElo "1764"]
[BlackElo "1619"]
[Opening "French: Fort Knox variation"]
[ECO "C10"]
[Time "21:21:18"]
[TimeControl "2700+45"]

1. e4 e6 2. d4 d5 3. Nc3 dxe4 4. Nxe4 Bd7 5. Nf3 Bc6 6. Bd3 Nd7 7. c3 h6 8. Qb3
Ngf6 9. Qc2 Nxe4 10. Bxe4 Bxe4 11. Qxe4 c6 12. Bf4 Nf6 13. Qe2 Bd6 14. Bxd6 Qxd6
15. Ne5 O-O 16. O-O Rfd8 17. Rad1 Rac8 18. Rd3 Nd5 19. Rg3 Nf6 20. Qe3 Kf8 21.
b4 Qd5 22. a3 Qe4 23. Qc1 Nd7 24. Nd3 Qd5 25. Qe3 Nb6 26. Nf4 Qf5 27. Ng6+ Ke8
28. Ne5 g5 29. Rf3 Nd5 30. Rxf5 Nxe3 31. Rxf7 Nxf1 32. Kxf1 b6 33. Rh7 a5 34.
Ke2 axb4 35. axb4 c5 36. dxc5 bxc5 37. b5 Ra8 38. Rh8+ Ke7 39. Nc6+ Kd7 40.
Rxd8+ Rxd8 41. Nxd8 Kxd8 42. Kd3 {Black resigns} 1-0

[Event "Team 45 45 League T67"]
[Site "Internet Chess Club"]
[Date "2016.01.10"]
[Round "5"]
[White "primerpaso"]
[Black "ChessHouston"]
[Result "1-0"]
[WhiteElo "1885"]
[BlackElo "1739"]
[Opening "English opening"]
[ECO "A17"]
[Time "21:10:31"]
[TimeControl "2700+45"]

1. c4 Nf6 2. Nc3 e6 3. g3 c6 4. Bg2 d5 5. cxd5 exd5 6. d4 Bd6 7. Nf3 Nbd7 8. O-O
O-O 9. Bf4 Bxf4 10. gxf4 Nh5 11. e3 Ndf6 12. Ne5 Bf5 13. Kh1 g6 14. Rg1 Ne8 15.
Bxd5 cxd5 16. Qxh5 Ng7 17. Qf3 Re8 18. h3 h5 19. Kh2 Be6 20. Rg2 Kf8 21. Rag1
Rc8 22. Nxg6+ fxg6 23. Rxg6 Rc7 24. f5 Qd6+ 25. Kh1 Rf7 26. f6 Bg4 27. fxg7+ Kg8
28. Qxf7+ Kxf7 29. Rxd6 {Black resigns} 1-0

[Event "Team 45 45 League T67"]
[Site "Internet Chess Club"]
[Date "2016.01.07"]
[Round "5"]
[White "LiangLiang"]
[Black "kabindra"]
[Result "1-0"]
[WhiteElo "1923"]
[BlackElo "1739"]
[Opening "QP counter-gambit (elephant gambit)"]
[ECO "C40"]
[Time "19:34:05"]
[TimeControl "2700+45"]

1. e4 e5 2. Nf3 d5 3. exd5 e4 4. Qe2 Nf6 5. Nc3 Be7 6. Nxe4 O-O 7. Nxf6+ Bxf6 8.
d4 Re8 9. Be3 Qxd5 10. Qb5 Qxb5 11. Bxb5 c6 12. Bd3 c5 13. O-O-O cxd4 14. Nxd4
Nc6 15. Nb5 Be5 16. Bc5 Be6 17. Kb1 a6 18. Nd6 Red8 19. Nc4 b5 20. Nxe5 Nxe5 21.
Be4 Rac8 22. Bb7 Rb8 23. Ba7 Rxd1+ 24. Rxd1 Re8 25. Bxa6 Ra8 26. Bb7 Re8 27. Bd4
Ng6 28. Bc6 Rb8 29. Ba7 Rc8 30. Bxb5 Ra8 31. Bb6 Bxa2+ 32. Kc1 Be6 33. Rd8+ Rxd8
34. Bxd8 Bd5 35. g3 Ne5 36. Be2 Nf3 37. c4 Bc6 38. h4 Nd4 39. Bd1 Kf8 40. Bb6
Ne6 41. b4 Be4 42. Kd2 Ke8 43. Ba4+ Ke7 44. Ke3 Bb7 45. c5 h6 46. c6 Bc8 47. Bd4
f6 48. b5 Kd6 49. b6 Nxd4 50. Kxd4 Be6 {Black resigns} 1-0

[Event "Team 45 45 League T67"]
[Site "Internet Chess Club"]
[Date "2016.01.09"]
[Round "5"]
[White "Portola"]
[Black "MetaGod"]
[Result "1-0"]
[WhiteElo "1741"]
[BlackElo "1695"]
[Opening "Queen's pawn game"]
[ECO "D00"]
[Time "09:00:09"]
[TimeControl "2700+45"]

1. d4 d5 2. c3 Nf6 3. Nf3 c5 4. dxc5 e6 5. Bg5 Bxc5 6. e3 Nc6 7. Bb5 Bd7 8. Bxc6
Bxc6 9. Nbd2 Be7 10. O-O O-O 11. Ne5 Bb5 12. Re1 Rc8 13. Ndf3 h6 14. Bh4 Ba6 15.
Qa4 Ne4 16. Bg3 Nxg3 17. hxg3 Bd6 18. Rad1 Qc7 19. Qd4 Rfd8 20. Rd2 Qe7 21. Red1
b5 22. Qd3 Qc7 23. Qd4 Bc5 24. Qg4 Bd6 25. Qd4 Qb8 26. a3 Bb7 27. Ra1 Bc5 28.
Qg4 a5 29. Nd3 Bf8 30. Nfe5 Ba6 31. Rad1 Bd6 32. Nf3 Rc4 33. Qh5 Re4 34. g4 Bf8
35. g5 g6 36. Qh3 h5 37. Nd4 Qc7 38. Re1 e5 39. Ne6 Qc8 40. Nxd8 Qxd8 41. f3 Ra4
42. Nxe5 Qxg5 43. f4 Qe7 44. Rxd5 Bg7 45. Rd7 Qc5 46. Rxf7 Bxe5 47. Qe6 Qc8 48.
Qxg6+ Bg7 49. Qxg7# {Black checkmated} 1-0

[Event "Team 45 45 League T67"]
[Site "Internet Chess Club"]
[Date "2016.01.09"]
[Round "5"]
[White "CaoCao"]
[Black "sharky123"]
[Result "1/2-1/2"]
[WhiteElo "1922"]
[BlackElo "1826"]
[Opening "Caro-Kann: classical, Spassky variation"]
[ECO "B18"]
[Time "16:01:02"]
[TimeControl "2700+45"]

1. e4 c6 2. d4 d5 3. Nc3 dxe4 4. Nxe4 Bf5 5. Ng3 Bg6 6. Nf3 Nd7 7. h4 h6 8. h5
Bh7 9. Bd3 Bxd3 10. Qxd3 e6 11. Bd2 Ngf6 12. O-O-O Be7 13. Kb1 O-O 14. Ne4 Nxe4
15. Qxe4 Nf6 16. Qe2 Qd5 17. Ne5 Qe4 18. Qxe4 Nxe4 19. Be3 Rfd8 20. f3 Ng3 21.
Rh3 Nf5 22. Bf2 c5 23. c3 cxd4 24. cxd4 Bc5 25. f4 Rd5 26. Rhd3 Bb6 27. g4 Ne7
28. Rc1 Rad8 29. Nf3 Nc6 30. Rc4 f6 31. Kc2 e5 32. fxe5 fxe5 33. Rd2 Nxd4+ 34.
Nxd4 Bxd4 35. Bxd4 Rxd4 36. Rdxd4 Rxd4 37. Rxd4 exd4 38. Kd3 Kf7 39. Kxd4 Kf6
40. Ke4 Kg5 41. Kf3 g6 42. hxg6 Kxg6 43. Kf4 Kf6 44. b3 b6 45. a3 a6 46. Ke4 Kg5
47. Kf3 Kg6 48. Ke4 Kg5 49. Kf3 Kg6 50. Ke4 Kf6 51. Kf4 Kg6 52. Ke4 Kg5 {Game
drawn by repetition} 1/2-1/2

[Event "Team 45 45 League T67"]
[Site "Internet Chess Club"]
[Date "2016.01.09"]
[Round "5"]
[White "Frankly"]
[Black "Innes"]
[Result "1-0"]
[WhiteElo "1738"]
[BlackElo "1569"]
[Opening "Queen's pawn: Charlick (Englund) gambit"]
[ECO "A40"]
[Time "10:16:01"]
[TimeControl "2700+45"]

1. d4 e5 2. dxe5 d6 3. Nf3 Nc6 4. exd6 Bxd6 5. e4 Bg4 6. Be2 Qe7 7. O-O O-O-O 8.
Nbd2 h5 9. a4 Nf6 10. Qe1 Ne5 11. Nxe5 Bxe5 12. Nc4 g5 13. Nxe5 Qxe5 14. f3 Be6
15. Qf2 Kb8 16. Be3 g4 17. c3 gxf3 18. Bxf3 Ng4 19. Bxg4 hxg4 20. g3 Qxe4 21.
Bxa7+ Ka8 22. Rfe1 Qc6 23. Bd4 Rh5 24. b4 Bd5 25. b5 Qh6 26. a5 Bf3 27. a6 b6
28. Qb2 Rh3 29. Qf2 Ka7 30. Re7 Rc8 31. Rxf7 Qh5 32. Bxb6+ Ka8 33. Rxc7 Re8 34.
Ba5 Rxg3+ 35. Qxg3 Re2 36. Rc8+ Ka7 37. Qb8# {Black checkmated} 1-0

[Event "Team 45 45 League T67"]
[Site "Internet Chess Club"]
[Date "2016.01.08"]
[Round "5"]
[White "tryanything"]
[Black "Constrictor"]
[Result "0-1"]
[WhiteElo "1591"]
[BlackElo "1614"]
[Opening "Alekhine's defense: four pawns attack, 6...Nc6"]
[ECO "B03"]
[Time "18:25:23"]
[TimeControl "2700+45"]

1. e4 Nf6 2. e5 Nd5 3. d4 d6 4. c4 Nb6 5. f4 dxe5 6. fxe5 Nc6 7. Nf3 Bg4 8. Be3
e6 9. a3 Be7 10. Be2 Bxf3 11. gxf3 Bh4+ 12. Kf1 Qd7 13. Nc3 O-O-O 14. d5 Nxe5
15. Bxb6 axb6 16. Nb5 c6 17. dxc6 Qxd1+ 18. Rxd1 Rxd1+ 19. Bxd1 bxc6 20. Nd6+
Kc7 21. Ne4 Nxc4 22. Ke2 Nxb2 23. Bb3 Rd8 24. Rb1 Nd3 {White resigns} 0-1

[Event "Team 45 45 League T67"]
[Site "Internet Chess Club"]
[Date "2016.01.07"]
[Round "5"]
[White "bluesun"]
[Black "QuieroAprender"]
[Result "1-0"]
[WhiteElo "1523"]
[BlackElo "1671"]
[Opening "Giuoco Piano"]
[ECO "C54"]
[Time "17:08:19"]
[TimeControl "2700+45"]

1. e4 e5 2. Nf3 Nc6 3. Bc4 Bc5 4. c3 Nf6 5. d4 exd4 6. cxd4 Bb4+ 7. Bd2 Nxe4 8.
Bxb4 Nxb4 9. Bxf7+ Kxf7 10. Qb3+ d5 11. Qxb4 Re8 12. O-O Qd6 13. Qb3 c5 14. Nc3
cxd4 15. Nxe4 Rxe4 16. Ng5+ Kf8 17. Nxe4 dxe4 18. Rfe1 Be6 19. Qg3 Qxg3 20. hxg3
Bf5 21. g4 Bg6 22. Rac1 Re8 23. Rc4 d3 24. Rd1 e3 25. fxe3 Rxe3 26. Rc8+ Re8 27.
Rxe8+ Kxe8 28. Kf2 Kd7 29. Ke3 Kd6 30. Kd4 b5 31. b4 h6 32. Rf1 a6 33. Ra1 Ke6
34. g3 Kd6 35. a3 Bh7 36. Rf1 Bg8 37. Ke3 Bb3 38. Rf4 Bc4 39. Rf8 Kc6 40. Ra8
Kb7 41. Re8 g6 42. Re7+ Kc6 43. Rg7 {Black resigns} 1-0

[Event "Team 45 45 League T67"]
[Site "Internet Chess Club"]
[Date "2016.01.08"]
[Round "5"]
[White "drsigmund1"]
[Black "giantwood"]
[Result "1-0"]
[WhiteElo "1515"]
[BlackElo "1416"]
[Opening "Queen's bishop game"]
[ECO "D00"]
[Time "15:02:24"]
[TimeControl "2700+45"]

1. d4 d5 2. Bf4 Nf6 3. Nf3 c5 4. c3 Nc6 5. e3 Bf5 6. Be2 e6 7. Nbd2 Be7 8. Ne5
Nxe5 9. dxe5 Nd7 10. O-O O-O 11. g4 Bg6 12. Nf3 h6 13. Bd3 Bxd3 14. Qxd3 c4 15.
Qe2 Nc5 16. Rad1 Nd3 17. Bg3 Rc8 18. Ne1 Nxe1 19. Qxe1 Qb6 20. Rd2 Rc5 21. h4
Rb5 22. Qe2 Qd8 23. h5 Bg5 24. f4 Bh4 25. Qh2 Bxg3 26. Qxg3 Qb6 27. Rff2 Rc5 28.
g5 hxg5 29. Qxg5 Qd8 30. Qg4 f5 31. Qg3 b5 32. Rg2 Qe7 33. h6 Rc7 34. Qh3 Rf7
35. Rg6 Kh7 36. hxg7+ Kg8 37. Qh8# {Black checkmated} 1-0

[Event "Team 45 45 League T67"]
[Site "Internet Chess Club"]
[Date "2016.01.10"]
[Round "5"]
[White "EFXBT"]
[Black "Andaluz"]
[Result "1-0"]
[WhiteElo "1503"]
[BlackElo "1342"]
[Opening "QGD semi-Slav"]
[ECO "D43"]
[Time "11:30:32"]
[TimeControl "2700+45"]

1. d4 d5 2. c4 Nf6 3. Nc3 e6 4. Nf3 c6 5. Bf4 Bd6 6. Bg5 Be7 7. e3 Nbd7 8. c5 b6
9. b4 a5 10. a3 axb4 11. axb4 Rxa1 12. Qxa1 Bb7 13. Be2 bxc5 14. bxc5 O-O 15.
O-O Qa8 16. Rb1 Qxa1 17. Rxa1 Ra8 18. Rxa8+ Bxa8 19. Ba6 Kf8 20. Na4 Nb8 21. Bc8
Ne8 22. Nb6 Bxg5 23. Nxg5 h6 24. Nf3 Nc7 25. Kf1 Ke7 26. Ke2 f6 27. Kd3 g6 28.
Kc3 Kd8 29. Kb4 g5 30. Nd2 Nba6+ 31. Ka5 Nb8 32. Nb1 h5 33. Nc3 h4 34. Na2 f5
35. Nb4 g4 36. Na6 Nbxa6 37. Bxa6 Ke7 38. Na4 Kd8 39. Nb6 Ke7 40. Nxa8 Nxa8 41.
Bb7 Nc7 42. Kb6 Kd8 43. Bxc6 Kc8 44. Bb7+ Kd8 45. Kc6 Ne8 46. h3 gxh3 47. gxh3
Nf6 48. f3 Ne8 49. Ba6 Nc7 50. Be2 Ne8 51. f4 Nf6 52. Kd6 {Black resigns} 1-0

[Event "Team 45 45 League T67"]
[Site "Internet Chess Club"]
[Date "2016.01.11"]
[Round "5"]
[White "olivermx"]
[Black "princevultan2"]
[Result "1-0"]
[WhiteElo "1353"]
[BlackElo "1196"]
[Opening "Ruy Lopez: Anderssen variation"]
[ECO "C77"]
[Time "19:08:48"]
[TimeControl "2700+45"]

1. e4 e5 2. Nf3 Nc6 3. Bb5 a6 4. Ba4 Nf6 5. d3 b5 6. Bb3 d6 7. c3 Be7 8. O-O O-O
9. Bc2 h6 10. d4 exd4 11. cxd4 Re8 12. Bf4 Ng4 13. a3 Bf6 14. Qd3 g6 15. Nc3 Be6
16. d5 Nce5 17. Nxe5 Bxe5 18. dxe6 Bxf4 19. Qf3 Qg5 20. exf7+ Kxf7 21. g3 Rf8
22. Qxf4+ Qxf4 23. gxf4 Ke7 24. Nd5+ Kd7 25. Bd3 g5 26. fxg5 hxg5 27. Be2 Nf6
28. Nxf6+ Rxf6 29. f3 Rf4 30. Rad1 Rg8 31. h3 Rg6 32. Kg2 Rf8 33. Rd5 Ke6 34.
Rf5 Rxf5 35. exf5+ Kxf5 36. Bd3+ Kf6 37. Bxg6 Kxg6 38. Re1 b4 39. axb4 c5 40.
bxc5 dxc5 41. Rc1 a5 42. Rxc5 a4 43. Ra5 a3 44. bxa3 Kh6 45. Rb5 Kg6 46. a4 Kf6
47. a5 Ke6 48. a6 Kd6 49. a7 Kc6 50. Rb2 Kd6 51. a8=Q Ke6 52. Rd2 Kf5 53. Qe4+
Kf6 54. Rd6+ Kf7 55. Qh7+ Ke8 56. Rg6 Kf8 57. Rg8# {Black checkmated} 1-0

[Event "Team 45 45 League T67"]
[Site "Internet Chess Club"]
[Date "2016.01.10"]
[Round "5"]
[White "unclevinny"]
[Black "houseofcook"]
[Result "1-0"]
[WhiteElo "1588"]
[BlackElo "1384"]
[Opening "French: exchange variation"]
[ECO "C01"]
[Time "13:00:39"]
[TimeControl "2700+45"]

1. e4 e6 2. d4 d5 3. exd5 exd5 4. Nf3 Nf6 5. Bg5 h6 6. Qe2+ Qe7 7. Bxf6 Qxe2+ 8.
Bxe2 gxf6 9. O-O Be6 10. Nbd2 Nd7 11. c4 O-O-O 12. c5 c6 13. Nh4 Bg7 14. f4 f5
15. Ndf3 Bf6 16. Bd3 Nf8 17. Nxf5 Ng6 18. Nd6+ Kb8 19. f5 Nf4 20. fxe6 Rhg8 21.
g3 Nxd3 22. exf7 Rg7 23. Rab1 Rf8 24. b4 Be7 25. Ne5 Nxe5 26. dxe5 Bxd6 27. exd6
Rfxf7 28. Rbe1 Kc8 29. Re8+ Kd7 30. Rfe1 a6 31. Rb8 b5 32. Ra8 Rf6 33. Ra7+
{Black resigns} 1-0

[Event "Team 45 45 League T67"]
[Site "Internet Chess Club"]
[Date "2016.01.08"]
[Round "5"]
[White "harabas007"]
[Black "KidRattler"]
[Result "1-0"]
[WhiteElo "1486"]
[BlackElo "1643"]
[Opening "Ruy Lopez: Schliemann defense"]
[ECO "C63"]
[Time "06:31:22"]
[TimeControl "2700+45"]

1. e4 e5 2. Nf3 Nc6 3. Bb5 f5 4. d3 Bc5 5. Bxc6 bxc6 6. Nxe5 Nf6 7. exf5 O-O 8.
O-O Re8 9. d4 Ba6 10. Re1 Bd6 11. c3 Bxe5 12. dxe5 Nd5 13. Qg4 d6 14. e6 Nf6 15.
Qh4 Bd3 16. Qg5 Qc8 17. Re3 Qa6 18. Rg3 g6 19. Qxf6 Rf8 20. Qd4 Rxf5 21. Rxd3
Rd5 22. Bh6 Rxd4 23. Rxd4 Qb5 24. Nd2 Qxb2 25. Re1 Qxc3 26. Rc4 Qf6 27. Rf4 Qe7
28. Rf7 Qh4 29. Ne4 Qxh6 30. Nf6+ Kh8 31. e7 Qg7 32. e8=Q+ Qg8 {Black resigns}
1-0

[Event "Team 45 45 League T67"]
[Site "Internet Chess Club"]
[Date "2016.01.11"]
[Round "5"]
[White "Just-Jim"]
[Black "smsxman"]
[Result "0-1"]
[WhiteElo "1338"]
[BlackElo "1458"]
[Opening "Van't Kruijs opening"]
[ECO "A00"]
[Time "10:02:44"]
[TimeControl "2700+45"]

1. e3 e5 2. d4 exd4 3. Qxd4 Nc6 4. Qd1 Nf6 5. f4 Be7 6. Be2 d5 7. c3 O-O 8. Nf3
Ng4 9. O-O Re8 10. Ne5 Ngxe5 11. fxe5 Nxe5 12. Qd4 Bf6 13. Qd2 Bg4 14. Bxg4 Nxg4
15. Qe2 h5 16. Qf3 Rf8 17. h3 Ne5 18. Qf5 h4 19. Nd2 c6 20. Nf3 Qe7 21. a4 Qe6
22. Qf4 Nd3 23. Ng5 Nxf4 24. Nxe6 Nxe6 25. Bd2 c5 26. b3 Rfe8 27. Rf2 d4 28.
cxd4 cxd4 29. Raf1 dxe3 30. Bxe3 Nd4 31. Bxd4 Bxd4 {White resigns} 0-1

[Event "Team 45 45 League T67"]
[Site "Internet Chess Club"]
[Date "2016.01.08"]
[Round "5"]
[White "Bizzy-Ketty"]
[Black "Mitochondria"]
[Result "1-0"]
[WhiteElo "1670"]
[BlackElo "1505"]
[Opening "French: Tarrasch, closed variation"]
[ECO "C05"]
[Time "20:00:31"]
[TimeControl "2700+45"]

1. e4 e6 2. d4 d5 3. Nd2 Nf6 4. Bd3 c5 5. c3 Nc6 6. Ngf3 Qb6 7. dxc5 Bxc5 8. O-O
O-O 9. Qc2 Ng4 10. Nb3 Bd6 11. h3 Nf6 12. Re1 dxe4 13. Bxe4 Nxe4 14. Qxe4 Bd7
15. Rd1 Qc7 16. Qd3 Bf4 17. Qxd7 Rad8 18. Bxf4 Qxf4 19. Qxb7 Ne5 20. Rxd8 Rxd8
21. Nxe5 Qxe5 22. Nd4 h6 23. Nc6 {Black resigns} 1-0

[Event "Team 45 45 League T67"]
[Site "Internet Chess Club"]
[Date "2016.01.10"]
[Round "5"]
[White "Zyme"]
[Black "Sparkle"]
[Result "1-0"]
[WhiteElo "1408"]
[BlackElo "1394"]
[Opening "Old Indian defense"]
[ECO "A53"]
[Time "07:01:31"]
[TimeControl "2700+45"]

1. d4 Nf6 2. c4 d6 3. Nc3 Nbd7 4. e4 e5 5. d5 Be7 6. Nf3 O-O 7. Bd3 Re8 8. O-O
Nf8 9. b4 Bg4 10. Rb1 Ng6 11. h3 Bd7 12. Be3 b6 13. Qb3 Nf4 14. Bxf4 exf4 15.
Qc2 Qc8 16. Rfe1 a5 17. b5 h6 18. Ne2 Bxh3 19. gxh3 Qxh3 20. Nfd4 Ng4 21. Nxf4
Qh2+ 22. Kf1 Qxf4 23. Nf5 Bg5 24. Qe2 h5 25. Ng3 h4 26. Nh5 Nh2+ 27. Kg2 h3+ 28.
Kxh3 Qh4+ 29. Kg2 Ng4 30. Rh1 Qxf2+ 31. Qxf2 Nxf2 32. Kxf2 g6 33. Ng3 Kg7 34.
Rbg1 f6 35. Ne2 Bd2 36. Nd4 Bb4 37. Ne6+ Kf7 38. Rh7+ Kg8 39. Rg7+ Kh8 40. Rh1#
{Black checkmated} 1-0

[Event "Team 45 45 League T67"]
[Site "Internet Chess Club"]
[Date "2016.01.16"]
[Round "5"]
[White "DineshB"]
[Black "AlPearson"]
[Result "1-0"]
[WhiteElo "1265"]
[BlackElo "1391"]
[Opening "Petrov three knights game"]
[ECO "C42"]
[Time "10:01:21"]
[TimeControl "2700+45"]

1. e4 e5 2. Nf3 Nf6 3. Nc3 Bc5 4. Nxe5 O-O 5. d4 Bb6 6. Nc4 Re8 7. e5 d6 8. Bf4
Nc6 9. Be2 dxe5 10. dxe5 Nd7 11. O-O f6 12. exf6 Qxf6 13. Nd5 Qf7 14. Bxc7 Nf8
15. Nd6 Qd7 16. Nxe8 Qxe8 17. Bxb6 axb6 18. Nc7 Qg6 19. Nxa8 Bh3 20. Bc4+ Kh8
21. Qf3 Nd7 22. Qxh3 Nf6 23. Rfe1 Nd4 24. Qc8+ Ne8 25. Qxe8+ Qxe8 26. Rxe8#
{Black checkmated} 1-0

[Event "Team 45 45 League T67"]
[Site "Internet Chess Club"]
[Date "2016.01.10"]
[Round "5"]
[White "chuckh2"]
[Black "chessmaster5132"]
[Result "1-0"]
[WhiteElo "1434"]
[BlackElo "1226"]
[Opening "Queen's pawn, Mason variation"]
[ECO "D00"]
[Time "15:00:26"]
[TimeControl "2700+45"]

1. d4 d5 2. Bf4 Nc6 3. Nf3 Nf6 4. e3 Bf5 5. c4 e6 6. Nbd2 Bd6 7. Ne5 Bxe5 8.
dxe5 Ne4 9. Nxe4 Bxe4 10. Rc1 d4 11. exd4 Qxd4 12. Qxd4 Nxd4 13. f3 Bc6 14. Bd3
g6 15. Kf2 h5 16. h4 f5 17. exf6 Rf8 18. Bxg6+ Kd7 19. Bg5 Rh8 20. f7 e5 21.
Rhe1 Kd6 22. Rcd1 Raf8 23. Bf6 Rh6 24. Bxe5+ Ke6 25. Bxd4+ Kd6 26. Bg7+ Kc5 27.
Bxh6 Kxc4 28. Bxf8 Ba4 29. Bd3+ Kd5 30. Bb5+ Bxd1 31. Rxd1+ Ke5 32. Bg7+ Ke6 33.
f8=Q c6 34. Qf6# {Black checkmated} 1-0

[Event "Team 45 45 League T67"]
[Site "Internet Chess Club"]
[Date "2016.01.10"]
[Round "5"]
[White "VictorRed"]
[Black "LazyPeon"]
[Result "0-1"]
[WhiteElo "1777"]
[BlackElo "1788"]
[Opening "Old Benoni defense"]
[ECO "A46"]
[Time "14:00:29"]
[TimeControl "2700+45"]

1. d4 Nf6 2. Nf3 c5 3. d5 b5 4. g3 Bb7 5. Be3 d6 6. c4 bxc4 7. Nc3 g6 8. Qa4+
Nbd7 9. Qxc4 Bg7 10. Rd1 O-O 11. Bg2 Nb6 12. Qb3 Ba6 13. Qc2 Nc4 14. Bg5 Rb8 15.
b3 Na3 16. Qc1 Qa5 17. Bd2 Nb5 18. Na4 Qd8 19. Bh6 Nc7 20. Bxg7 Kxg7 21. Nc3 Bb7
22. Ng5 e6 23. e4 exd5 24. Nxd5 Ncxd5 25. exd5 Re8+ 26. Kf1 Ba6+ 27. Kg1 Qa5 28.
Qb1 Re2 29. a4 Rxb3 30. Qxb3 Re1+ 31. Bf1 Bxf1 32. Qb1 Bd3+ 33. Rxe1 Bxb1 34.
Rxb1 Qxa4 35. Rb7 Qd1+ {White resigns} 0-1

[Event "Team 45 45 League T67"]
[Site "Internet Chess Club"]
[Date "2016.01.09"]
[Round "5"]
[White "pokerram"]
[Black "pcvan"]
[Result "1-0"]
[WhiteElo "1640"]
[BlackElo "1455"]
[Opening "QGD: 4.Nf3"]
[ECO "D37"]
[Time "19:03:48"]
[TimeControl "2700+45"]

1. d4 d5 2. c4 e6 3. Nf3 Nf6 4. Nc3 Be7 5. Bg5 O-O 6. Qc2 h6 7. Bh4 b6 8. cxd5
exd5 9. e3 Bb7 10. Bxf6 Bxf6 11. Bd3 c5 12. Bh7+ Kh8 13. Bf5 Nc6 14. O-O-O a5
15. dxc5 bxc5 16. Nxd5 Qe8 17. Nxf6 gxf6 18. Qxc5 Nb4 19. Kb1 Be4+ 20. Kc1 Nxa2+
21. Kd2 Bxf5 22. Qxf5 Rd8+ 23. Nd4 Qe5 24. Ke2 Rxd4 25. Qxe5 fxe5 26. exd4 exd4
27. Rxd4 Nb4 28. Rhd1 Re8+ 29. Kf3 Nc6 30. Re4 Ne5+ 31. Kf4 Ng6+ 32. Ke3 Rxe4+
33. Kxe4 Kg7 34. Ra1 {Black resigns} 1-0

[Event "Team 45 45 League T67"]
[Site "Internet Chess Club"]
[Date "2016.01.12"]
[Round "5"]
[White "rookfish"]
[Black "idjit"]
[Result "0-1"]
[WhiteElo "1326"]
[BlackElo "1577"]
[Opening "Sicilian: O'Kelly variation"]
[ECO "B28"]
[Time "13:00:14"]
[TimeControl "2700+45"]

1. e4 c5 2. Nf3 a6 3. d3 g6 4. Nc3 Bg7 5. Be2 Nf6 6. O-O O-O 7. h3 Nc6 8. Nd5 e6
9. Nf4 d5 10. e5 Nd7 11. c3 Ndxe5 12. Nh2 b5 13. b3 Qd6 14. Qc2 d4 15. a4 Bb7
16. c4 Nb4 17. Qd2 bxc4 18. dxc4 Nec6 19. Ng4 d3 20. Bf3 Bxa1 21. Bb2 Bxb2 22.
Qxb2 Qd4 23. Nf6+ Kg7 24. N6h5+ gxh5 25. Nxh5+ Kg6 26. Qd2 e5 27. Re1 f5 28. Ng3
e4 29. Bh5+ Kg7 30. Qg5+ Kh8 31. Qh4 Qf6 32. Qf4 Nd4 33. f3 Nbc2 34. Nxe4 {White
resigns} 0-1

[Event "Team 45 45 League T67"]
[Site "Internet Chess Club"]
[Date "2016.01.10"]
[Round "5"]
[White "bayoumicardio10"]
[Black "oldbookseller"]
[Result "1-0"]
[WhiteElo "1710"]
[BlackElo "1039"]
[Opening "Two knights defense"]
[ECO "C55"]
[Time "18:00:19"]
[TimeControl "2700+45"]

1. e4 e5 2. Nf3 Nc6 3. d4 Nf6 4. Bc4 Qe7 5. Ng5 Ng4 6. Bxf7+ Kd8 7. Qxg4 Qb4+ 8.
c3 Qc4 9. Bxc4 exd4 10. Nf7+ Ke8 11. Nxh8 Ne5 12. Qf5 Nxc4 13. Qf7+ Kd8 14.
Qxf8# {Black checkmated} 1-0

[Event "Team 45 45 League T67"]
[Site "Internet Chess Club"]
[Date "2016.01.10"]
[Round "5"]
[White "Heian"]
[Black "justice02"]
[Result "1/2-1/2"]
[WhiteElo "1665"]
[BlackElo "1616"]
[Opening "Scandinavian (center counter) defense"]
[ECO "B01"]
[Time "15:00:50"]
[TimeControl "2700+45"]

1. e4 d5 2. e5 Bf5 3. d4 e6 4. Nf3 h6 5. Bd3 Ne7 6. c3 Nd7 7. Na3 a6 8. Nc2 Bxd3
9. Qxd3 Nf5 10. Ne3 Nxe3 11. Bxe3 Rc8 {Game drawn by mutual agreement} 1/2-1/2

[Event "Team 45 45 League T67"]
[Site "Internet Chess Club"]
[Date "2016.01.10"]
[Round "5"]
[White "Andressa"]
[Black "Grenadier"]
[Result "0-1"]
[WhiteElo "1412"]
[BlackElo "1608"]
[Opening "Caro-Kann defense"]
[ECO "B10"]
[Time "20:01:26"]
[TimeControl "2700+45"]

1. e4 c6 2. Nf3 d5 3. exd5 cxd5 4. d4 Nc6 5. Nc3 Nf6 6. Bb5 Bg4 7. h3 Bh5 8. O-O
e6 9. Qd3 Bd6 10. Ne5 Bxe5 11. dxe5 Nd7 12. Bxc6 bxc6 13. Qg3 O-O 14. f4 Bg6 15.
Qf2 Qb6 16. Qxb6 axb6 17. Rf2 b5 18. Ne2 c5 19. c3 Bd3 20. Be3 Bc4 21. Nc1 b4
22. cxb4 cxb4 23. b3 Bb5 24. Ne2 Bxe2 25. Rxe2 Rfc8 26. Rc1 Rxc1+ 27. Bxc1 Nc5
28. Rc2 Ne4 29. a3 bxa3 30. Bxa3 h5 31. Be7 Rb8 32. b4 Rb7 33. Rc8+ Kh7 34. Bc5
Kg6 35. g4 hxg4 36. hxg4 Nc3 37. Kg2 Na2 38. Kg3 Nxb4 39. Rf8 Nd3 40. Be3 Nb2
41. Bd2 Nc4 42. Bc1 Rb1 43. f5+ exf5 44. gxf5+ Kxf5 45. Rxf7+ Ke6 46. Rf1 Nxe5
47. Re1 d4 48. Kf4 Rxc1 49. Rxe5+ Kd6 50. Rg5 Re1 51. Rxg7 d3 52. Rg2 Kd5 53.
Kf3 Kd4 54. Ra2 Re6 55. Kf2 Kc3 56. Ra3+ Kc2 57. Ra2+ Kb3 58. Rd2 Kc3 59. Ra2 d2
60. Ra3+ Kb2 61. Rd3 Kc2 {White resigns} 0-1

[Event "Team 45 45 League T67"]
[Site "Internet Chess Club"]
[Date "2016.01.10"]
[Round "5"]
[White "bmw2002"]
[Black "Leon13"]
[Result "0-1"]
[WhiteElo "1487"]
[BlackElo "1365"]
[Opening "English opening"]
[ECO "A20"]
[Time "11:03:08"]
[TimeControl "2700+45"]

1. c4 e5 2. g3 Nf6 3. Bg2 Bc5 4. Nc3 Nc6 5. e3 a6 6. Nge2 O-O 7. O-O d6 8. a3
Be6 9. d4 exd4 10. exd4 Ba7 11. d5 Bg4 12. dxc6 bxc6 13. Bxc6 Rb8 14. Qd3 Qc8
15. b4 Qe6 16. Nf4 Qe5 17. Be3 Bxe3 18. Qxe3 Qg5 19. Nfd5 Qh5 20. Nxf6+ gxf6 21.
Qf4 f5 22. Nd5 f6 23. Rfe1 Kh8 24. Ne3 Bh3 25. Bg2 Bg4 26. Nxg4 fxg4 27. Qxf6+
Rxf6 28. Re7 Rbf8 29. Ra2 Qf5 30. Rae2 Qb1+ 31. Re1 Qb2 32. R1e2 Qxa3 33. Rxc7
Qxb4 34. Ree7 Qb1+ 35. Bf1 Rxf2 36. Rxh7+ Qxh7 37. Rxh7+ Kxh7 38. Bd3+ Kg7 39.
Kh1 Rd2 40. Be4 Rf1# {White checkmated} 0-1

[Event "Team 45 45 League T67"]
[Site "Internet Chess Club"]
[Date "2016.01.10"]
[Round "5"]
[White "hood"]
[Black "searchforbobby1"]
[Result "1/2-1/2"]
[WhiteElo "2055"]
[BlackElo "2000"]
[Opening "Sicilian: Pelikan (Lasker/Sveshnikov) variation"]
[ECO "B33"]
[Time "21:20:37"]
[TimeControl "2700+45"]

1. e4 c5 2. Nf3 Nc6 3. d4 cxd4 4. Nxd4 Nf6 5. Nc3 e5 6. Ndb5 d6 7. Bg5 a6 8.
Bxf6 gxf6 9. Na3 Be6 10. Nc4 Rc8 11. Ne3 Bh6 12. Ned5 Nd4 13. Bd3 f5 14. Qh5 Qg5
15. Qxg5 Bxg5 16. h4 Bd8 17. O-O-O f4 18. Ne2 Bxd5 19. exd5 Nxe2+ 20. Bxe2 Rg8
{Game drawn by mutual agreement} 1/2-1/2